 Dungeon Crawl Stone Soup version 0.19.5 (webtiles) character file.

61 equalderp2856 the Scratcher (level 3, -4/17 HPs)
             Began as a Felid Fighter on Mar 7, 2017.
             Killed from afar by Sigmund (9 damage)
             ... with a magic dart
             ... on level 3 of the Dungeon.
             The game lasted 00:04:57 (2565 turns).

equalderp2856 the Scratcher (Felid Fighter)         Turns: 2565, Time: 00:04:59

Health: -4/17      AC:  1    Str: 13    XL:     3   Next: 83%
Magic:  4/4        EV: 19    Int:  9    God:
Gold:   80         SH:  0    Dex: 15    Spells: 0 memorised, 2 levels left
                                        Lives:  0   Deaths: 0

rFire  . . .     SeeInvis +       - Unarmed
rCold  . . .     Gourm    .     (armour unavailable)
rNeg   . . .     Faith    .     (shield unavailable)
rPois  .         Spirit   .     (helmet unavailable)
rElec  .         Reflect  .     (cloak unavailable)
rCorr  .         Harm     .     (gloves unavailable)
MR     .....                    (boots unavailable)
Stlth  ++........               (no amulet)
                                (no ring)
                                (no ring)

@: lethally poisoned (-4 -> -13), quick
A: no armour, no weapons or thrown items, stealth, claws 1, fangs 3, see
invisible, carnivore 3, speed 1, shaggy fur 1, slow metabolism 1, sharp paws
a: no special abilities


You were on level 3 of the Dungeon.
You were not hungry.

You visited 1 branch of the dungeon, and saw 3 of its levels.

You collected 80 gold pieces.

Inventory:

Missiles
 f - 24 arrows
Scrolls
 c - a scroll of enchant weapon {unknown}
 d - 2 scrolls of immolation {unknown}
 h - 2 scrolls of enchant armour {unknown}
 i - 2 scrolls of fear {unknown}
 j - a scroll of identify {unknown}
Potions
 a - 3 potions of might
Comestibles
 b - 4 meat rations
 g - a slice of pizza
 k - 12 fruits


   Skills:
 + Level 3.1 Fighting
 + Level 4.5 Dodging
 + Level 1.3 Stealth
 + Level 5.0 Unarmed Combat


You had 2 spell levels left.
You didn't know any spells.

Dungeon Overview and Level Annotations

Branches:
Dungeon (3/15)

Altars:

Annotations:
D:2 1 runed door
D:3 Ijyb, Sigmund


Innate Abilities, Weirdness & Mutations

You cannot wear armour.
You are incapable of wielding weapons or throwing items.
Your paws allow you to move quietly. (Stealth)
You have sharp claws.
You have razor-sharp teeth.
You have supernaturally acute eyesight. (SInv)
You are carnivorous and can eat meat at any time.
You cover ground quickly.
You are covered in fur. (AC +1)
You have a slow metabolism.
Your sharp claws are effective at attacking unaware monsters.


Message History

You feel sick.
You miss the adder.
The adder is heavily wounded.
The adder barely misses you. Ijyb screams, "I dance on your bones!"
The adder bites you.
You are lethally poisoned!
The adder poisons you! The bat completely misses you.
* * * LOW HITPOINT WARNING * * *
You feel sick. The bat misses you. The adder closely misses you.
Okay, then.
As you read the scroll labeled ZUOFRU HEDDOABIEPT, it crumbles to dust.
Your paws glow pale marigold for a moment.
It was a scroll of random uselessness.
The bat hits you but does no damage. The adder completely misses you.
Sigmund points at you and mumbles some strange words.
The magic dart hits you!
Ouch! That really hurt!
You die...

#............#
#.?..........#
#............#
#####'###.....#
#.......+.....#
#.......#....##
+.......'.....#+######
#...$...#..@gS.b......
#.......####.@....)...
######### #..........
#...b......
#..........
#..........
#..........
#..........
#..........


You could see Sigmund (invisible), Ijyb, an adder and 2 bats.

Vanquished Creatures
  2 adders
  4 dart slugs
  A leopard gecko (D:1)
  6 bats
  8 goblins
  3 hobgoblins (D:2)
  A ball python (D:2)
  4 frilled lizards
  4 kobolds
  4 rats
37 creatures vanquished.

Notes
Turn   | Place    | Note
-------+----------+-------------------------------------------
     0 | D:1      | equalderp2856 the Felid Fighter began the quest for the Orb.
     0 | D:1      | Reached XP level 1. HP: 10/10 MP: 2/2
   293 | D:1      | Reached XP level 2. HP: 12/14 MP: 3/3
  1523 | D:2      | Found a faded altar of an unknown god.
  1607 | D:2      | Reached XP level 3. HP: 17/17 MP: 4/4
  2222 | D:2      | Reached skill level 1 in Stealth
  2243 | D:2      | Found a runed door.
  2496 | D:3      | Reached skill level 5 in Unarmed Combat
  2535 | D:3      | Noticed Sigmund
  2542 | D:3      | Noticed Ijyb
  2565 | D:3      | Killed from afar by Sigmund

Skill      XL: |  1  2  3 |
---------------+----------+-----
Stealth        | 1 |  1.3
Unarmed Combat | 5 |  5.0
Fighting       | |  3.1
Dodging        | |  4.5

Action                   || total
-------------------------++-------
Melee: Unarmed           ||   113
       Bite              ||     8
       Punch             ||     2
  Use: Scroll            ||     1
 Stab: Sleeping          ||     2
  Eat: Chunk             ||     3
Armor: Skin              ||     5
Dodge: Dodged            ||   128
